 Dungeon Crawl Stone Soup version 0.24-a0-201-gf205589 (webtiles) character file.

Game seed: 13794827205794999789

114 Ivan the Skirmisher (level 4, -15/41 HPs)
             Began as a Hill Orc Berserker on Mar 21, 2019.
             Was an Initiate of the Shining One.
             Demolished by a polar bear (25 damage)
             ... created by the rage of Trog
             ... on level 3 of the Dungeon.
             The game lasted 00:08:34 (2996 turns).

Ivan the Skirmisher (Hill Orc Berserker)            Turns: 2996, Time: 00:08:34

Health: -15/41     AC:  3    Str: 20    XL:     4   Next: 97%
Magic:  4/4        EV: 12    Int:  7    God:    the Shining One [......]
Gold:   201        SH:  0    Dex: 10    Spells: 3/3 levels left

rFire    . . .     SeeInvis .   a - +0 spear
rCold    . . .     Gourm    .   (no shield)
rNeg     . . .     Faith    .   b - +0 animal skin
rPois    .         Spirit   .   (no helmet)
rElec    .         Reflect  .   d - scarf {cloud immunity}
rCorr    .         Harm     .   (no gloves)
MR       +....                  k - +0 pair of boots
Stlth    +.........             (no amulet)
HPRegen  0.13/turn              i - ring of protection from magic
MPRegen  0.09/turn              (no ring)

@: glowing
A: no striking features
a: Renounce Religion


You were on level 3 of the Dungeon.
You worshipped the Shining One.
The Shining One was noncommittal.
You were near starving.

You visited 1 branch of the dungeon, and saw 3 of its levels.

You collected 201 gold pieces.

Inventory:

Hand Weapons
 a - a +0 spear (weapon)
Armour
 b - a +0 animal skin (worn)
 d - a scarf of cloud immunity (worn)
 j - a +0 cloak
 k - a +0 pair of boots (worn)
Jewellery
 i - a ring of protection from magic (left hand)
 n - a +6 ring of dexterity {unknown}
Scrolls
 e - 2 scrolls of teleportation {unknown}
 f - 3 scrolls of enchant armour {unknown}
 g - 3 scrolls of enchant weapon {unknown}
 h - 2 scrolls of amnesia {unknown}
 l - 2 scrolls of remove curse {unknown}
Comestibles
 c - 7 rations


   Skills:
 * Level 4.7 Fighting
 + Level 4.5 Polearms
 * Level 2.4 Armour
 + Level 2.3 Dodging
 - Level 0.3 Stealth


You had 3 spell levels left.
You didn't know any spells.
Your spell library was empty.

Dungeon Overview and Level Annotations

Branches:
Dungeon (3/15)

Altars:
Ashenzari
Dithmenos
Okawaru
Xom
Zin
The Shining One


Message History

The black bear closely misses you. The black bear barely misses you.
The black bear claws you. The black bear barely misses you. x2
The black bear claws you but does no damage.
The black bear bites you! The black bear barely misses you.
The black bear claws you.
You aren't carrying any potions.
Unknown command.
You aren't carrying any potions.
You hit the polar bear.
The polar bear is lightly wounded.
You feel yourself speed up. The black bear barely misses you.
The black bear claws you. The black bear barely misses you.
The polar bear bites you. The polar bear claws you.
The polar bear barely misses you.
The black bear bites you but does no damage.
The black bear claws you. x2
* * * LOW HITPOINT WARNING * * *
The polar bear bites you!!
Ouch! That really hurt!
You die...

########################
..............hh@hh.....
########################
....)........#........#
############.#.######.#
......# #.#.## #.#
#####.# #.#..## #.# #.#
#.#...# #(# #.#
#####'####.# #####.#
#8...8##.###########


You could see a polar bear (berserk) and 3 black bears.

Vanquished Creatures
  3 adders
  3 gnolls (D:3)
  An ooze (D:2)
  2 worms
  2 dart slugs
  3 leopard geckos (D:3)
  A ball python (D:3)
  A giant cockroach (D:3)
  3 goblins
  2 hobgoblins (D:1)
  2 quokkas
  5 bats
  5 frilled lizards
  7 kobolds
  7 rats
47 creatures vanquished.

Notes
Turn   | Place    | Note
-------+----------+-------------------------------------------
     0 | D:1      | Ivan the Hill Orc Berserker began the quest for the Orb.
     0 | D:1      | Reached XP level 1. HP: 19/19 MP: 1/1
   104 | D:1      | Reached XP level 2. HP: 20/27 MP: 2/2
   965 | D:2      | Found a glowing golden altar of the Shining One.
  1083 | D:2      | Fell from the grace of Trog
  1083 | D:2      | Became a worshipper of the Shining One
  1117 | D:2      | Reached XP level 3. HP: 17/34 MP: 3/3
  1150 | D:2      | Found an iron altar of Okawaru.
  1169 | D:2      | Found a shimmering altar of Xom.
  1418 | D:2      | Found a shattered altar of Ashenzari.
  1637 | D:2      | Found a shadowy altar of Dithmenos.
  1923 | D:3      | Reached XP level 4. HP: 11/41 MP: 4/4
  1941 | D:3      | Paralysed by Trog for 4 turns
  2494 | D:3      | The Shining One protects you from harm!
  2778 | D:3      | Found a glowing silver altar of Zin.
  2778 | D:3      | Noticed an angel
  2994 | D:3      | Noticed a black bear
  2994 | D:3      | Noticed a black bear
  2994 | D:3      | Noticed a polar bear
  2994 | D:3      | Noticed a black bear
  2996 | D:3      | Demolished by a polar bear

Levels and vault maps discovered:
D:1:      minmay_arrival_plants_in_alcoves, layout_basic
D:2:      layout_loops_cross, nicolae_overflow_quartered_altars, first_ration,
          hangedman_decor_slide_cut, tso_metal_star
D:3:      layout_basic, zin_angel, chequers_temple_overflow_statue_of_worship

Skill      XL: |  1  2  3 |
---------------+----------+-----
Fighting       | 4 |  4.7
Polearms       | 4 |  4.5
Dodging        | 2 |  2.3
Armour         | |  2.4
Stealth        | |  0.3

Action                   |  1- 3 |  4- 6 || total
-------------------------+-------+-------++-------
Melee: Spear             |   140 |   102 ||   242
  Use: Potion            |     2 |     2 ||     4
  Eat: Ration            |     1 |       ||     1
       Chunk             |       |     2 ||     2
Armor: Animal skin       |    23 |    17 ||    40
Dodge: Dodged            |    57 |    62 ||   119

Table legend:
 A = Non-vault XP
 B = Vault XP
 C = Vault XP percentage of total XP
 D = Non-vault monster count
 E = Vault monster count
 F = Vault count percentage of total count
                 A         B        C        D         E       F
            +---------+---------+-------+---------+---------+-------
      Total |     163 |       0 |   0.0 |      47 |       0 |   0.0
            +---------+---------+-------+---------+---------+-------
        D:1 |      22 |       0 |   0.0 |      14 |       0 |   0.0
        D:2 |      50 |       0 |   0.0 |      12 |       0 |   0.0
        D:3 |      91 |       0 |   0.0 |      21 |       0 |   0.0
            +---------+---------+-------+---------+---------+-------
